 Dungeon Crawl Stone Soup version 0.29-a0-298-g3c90f9a769 (webtiles) character file.

Game seed: 18419948132948219191

47 Ajdolov the Covert (level 3, -2/35 HPs)
             Began as a Gnoll Delver on Mar 23, 2022.
             Slain by a centaur (5 damage)
             ... on level 3 of the Dungeon.
             The game lasted 00:01:20 (705 turns).

Ajdolov the Covert (Gnoll Delver)                    Turns: 705, Time: 00:01:21

Health: -2/35      AC:  3    Str: 11    XL:     3   Next: 70%
Magic:  4/4        EV: 13    Int:  9    God:
Gold:   41         SH:  0    Dex: 15    Spells: 3/3 levels left

rFire   . . .      SeeInvis .   a - +0 falchion
rCold   . . .      Faith    .   (no shield)
rNeg    . . .      Spirit   .   b - +0 leather armour
rPois   .          Reflect  .   (no helmet)
rElec   .          Harm     .   (no cloak)
rCorr   .          Rampage  .   (no gloves)
Will    .....                   (no boots)
Stlth   ++++......              (no amulet)
HPRegen 0.11/turn               (no ring)
MPRegen 0.09/turn               (no ring)

@: hasted, very quick
A: fangs 1, strong nose, distributed training
a: no special abilities


You were on level 3 of the Dungeon.
You visited 1 branch of the dungeon, and saw 3 of its levels.

You collected 41 gold pieces.

Inventory:

Hand Weapons
 a - a +0 falchion (weapon)
Armour
 b - a +0 leather armour (worn)
Wands
 g - a wand of digging (3)
Scrolls
 c - a scroll of fog
 d - a scroll of magic mapping
 e - 2 scrolls of fear
 h - a scroll of summoning {unknown}
 i - a scroll of brand weapon {unknown}
Potions
 j - a potion of flight {unknown}


   Skills:
 + Level 6.5 Fighting
 + Level 0.9 Short Blades
 + Level 4.5 Long Blades
 + Level 0.9 Axes
 + Level 0.9 Maces & Flails
 + Level 0.9 Polearms
 + Level 0.9 Staves
 + Level 0.9 Slings
 + Level 0.9 Bows
 + Level 0.9 Crossbows
 + Level 0.9 Throwing
 + Level 0.9 Armour
 + Level 4.5 Dodging
 + Level 9.6 Stealth
 + Level 0.9 Shields
 + Level 0.9 Unarmed Combat
 + Level 0.9 Spellcasting
 + Level 0.6 Conjurations
 + Level 0.6 Hexes
 + Level 0.6 Summonings
 + Level 0.6 Necromancy
 + Level 0.6 Translocations
 + Level 0.6 Transmutations
 + Level 0.6 Fire Magic
 + Level 0.6 Ice Magic
 + Level 0.6 Air Magic
 + Level 0.6 Earth Magic
 + Level 0.6 Poison Magic
 + Level 1.0 Invocations
 + Level 0.9 Evocations


You had 3 spell levels left.
You didn't know any spells.
Your spell library was empty.

Dungeon Overview and Level Annotations

Branches:
Dungeon (5/15)
 Temple: D:4-7

Altars:


Innate Abilities, Weirdness & Mutations

You have very sharp teeth.
Your uncanny sense of smell can sniff out nearby items.
Your experience applies equally to all skills.


Message History

You open the door.
There is an open door here.
You start waiting.
Done waiting.
There is an open door here.
Found an escape hatch in the ceiling.
The orc shouts!
The centaur shouts!
The centaur wields a +0 shortbow.
The centaur shoots an arrow.
The arrow hits you.
The centaur shoots an arrow.
The arrow hits you!
The centaur shoots an arrow.
The arrow hits you. The orc attacks as you move away!
The orc barely misses you.
The centaur shoots an arrow.
The arrow hits you!
* * * LOW HITPOINT WARNING * * *
The orc attacks as you move away! The orc barely misses you.
You feel yourself speed up. The orc misses you.
You slash the orc!
You kill the orc!
The centaur shoots an arrow.
The arrow hits you.
* * * LOW HITPOINT WARNING * * *
Things that are here:
a +0 whip; a scroll labelled SUIKOZ BEFFA The centaur unwields a +0 shortbow.
The centaur barely misses you. The centaur completely misses you.
You hit the centaur. You bite the centaur, but do no damage.
The centaur is moderately wounded.
The centaur barely misses you.
The centaur kicks you but does no damage.
You hit the centaur.
The centaur is moderately wounded.
The centaur hits you.
* * * LOW HITPOINT WARNING * * *
The centaur completely misses you.
You hit the centaur but do no damage.
The centaur is moderately wounded.
The centaur barely misses you. The centaur misses you.
You hit the centaur.
The centaur is moderately wounded.
The centaur hits you.
You die...

#.#..#.#..<...........
#....#.####.......$...
#...#........#......#.
###......#.....#...........#
#....###.#.##..#..<........#
#.##.....#.#...#...........#
#.########.....#...........# #.#
#...#.#...........# #.#
#.###.)@c........<# #.# #.#
###...).......# #.# #.#
#!..........### #.# #.#
#.............. #.# #.#
#.............. #.# #.#
#.......##..... #.# #.#
#.......##.......# #.##### #.#
##.......##.......#
#.....####'####........##.......#


You could see a centaur.

Vanquished Creatures
  A jelly (D:5)
  An adder (D:5)
  An orc (D:3)
  A ball python (D:3)
  An endoplasm (D:3)
  A hobgoblin (D:3)
  A bat (D:3)
  A kobold (D:3)
  A rat (D:3)
9 creatures vanquished.

Notes
Turn   | Place    | Note
-------+----------+-------------------------------------------
     0 | D:5      | Reached skill level 9 in Stealth
     0 | D:5      | Ajdolov the Gnoll Delver began the quest for the Orb.
     0 | D:5      | Reached XP level 1. HP: 23/23 MP: 1/1
    23 | D:5      | Reached XP level 2. HP: 22/29 MP: 2/2
   110 | D:5      | Reached skill level 1 in Invocations
   110 | D:5      | Reached XP level 3. HP: 31/35 MP: 2/4
   408 | D:3      | Noticed a centaur
   705 | D:3      | Slain by a centaur

Illustrated notes

Levels and vault maps discovered:
D:3:      layout_basic
D:4:      minmay_chambers_of_threes, layout_loops_corners,
          sigmund_edmund_badplayer
D:5:      layout_basic, mainiacjoe_overflow_brackets,
          minmay_temple_entry_butterflies, serial_bayou_pond_d

Skill      XL: |  1  2 |
---------------+-------+-----
Stealth        | |  9.6
Invocations    | 1 |  1.0
Fighting       | |  6.5
Short Blades   | |  0.9
Long Blades    | |  4.5
Axes           | |  0.9
Maces & Flails | |  0.9
Polearms       | |  0.9
Staves         | |  0.9
Slings         | |  0.9
Bows           | |  0.9
Crossbows      | |  0.9
Throwing       | |  0.9
Armour         | |  0.9
Dodging        | |  4.5
Shields        | |  0.9
Unarmed Combat | |  0.9
Spellcasting   | |  0.9
Conjurations   | |  0.6
Hexes          | |  0.6
Summonings     | |  0.6
Necromancy     | |  0.6
Translocations | |  0.6
Transmutations | |  0.6
Fire Magic     | |  0.6
Ice Magic      | |  0.6
Air Magic      | |  0.6
Earth Magic    | |  0.6
Poison Magic   | |  0.6
Evocations     | |  0.9

Action                   || total
-------------------------++-------
Melee: Falchion          ||    39
       Bite              ||     3
  Use: Potion            ||     1
 Stab: Sleeping          ||     5
Armor: Leather armour    ||    14
Dodge: Dodged            ||    35

Table legend: (Time is in decaauts)
 A = Elapsed time spent in this place.
 B = Non-inter-level travel time spent in this place.
 C = Inter-level travel time spent in this place.
 D = Time resting spent in this place.
 E = Time spent auto-exploring this place.
 F = Levels seen in this place.
 G = Mean time per level.
                   A        B        C        D        E       F      G
               +--------+--------+--------+--------+--------+-----+--------+
         Total |    704 |    704 |      0 |    283 |    238 |   3 |  234.7 |
       Dungeon |    704 |    704 |      0 |    283 |    238 |   3 |  234.7 |
               +--------+--------+--------+--------+--------+-----+--------+

Top non-repeatable levels by time:
     D:3: 531 daAuts
     D:5: 154 daAuts
     D:4: 18 daAuts
